 Dungeon Crawl Stone Soup version 0.24-a0-423-g6870c0f642 (webtiles) character file.

Game seed: 8939103740112152138

1081 Kisielow the Basher (level 8, -2/78 HPs)
             Began as a Minotaur Fighter on June 13, 2019.
             Slain by a gnoll
             ... wielding a +0 spear of venom
              (3 damage)
             ... on level 4 of the Dungeon.
             The game lasted 00:07:23 (3224 turns).

Kisielow the Basher (Minotaur Fighter)              Turns: 3224, Time: 00:07:24

Health: -2/78      AC: 11    Str: 28    XL:     8   Next: 8%
Magic:  0/7        EV:  9    Int:  5    God:
Gold:   213        SH: 12    Dex: 10    Spells: 7/7 levels left

rFire    . . .     SeeInvis .   a - +0 flail
rCold    . . .     Gourm    .   c - +0 shield
rNeg     . . .     Faith    .   b - +0 scale mail
rPois    .         Spirit   +   o - +2 hat
rElec    .         Reflect  .   (no cloak)
rCorr    .         Harm     .   m - +0 pair of gloves
MR       +....                  (no boots)
Stlth    ..........             s - amulet of guardian spirit
HPRegen  0.23/turn              j - ring of protection from magic
MPRegen  0.10/turn              (no ring)

@: mighty, lethally poisoned (-2 -> -17)
A: retaliatory headbutt, horns 2
a: no special abilities


You were on level 4 of the Dungeon.
You were not hungry.

You visited 1 branch of the dungeon, and saw 4 of its levels.

You collected 213 gold pieces.

Inventory:

Hand Weapons
 a - a +0 flail (weapon)
Armour
 b - a +0 scale mail (worn)
 c - a +0 shield (worn)
 m - a +0 pair of gloves (worn)
 o - a +2 hat (worn)
Jewellery
 j - a ring of protection from magic (left hand)
 s - an amulet of guardian spirit (around neck)
Wands
 l - a wand of flame (19)
Scrolls
 i - a scroll of remove curse
 k - a scroll of immolation
 n - a scroll of noise
 p - a scroll of identify
Potions
 e - 2 potions of magic
 g - a potion of lignification
 h - a potion of brilliance
Comestibles
 f - 7 rations
 r - 7 chunks of flesh


   Skills:
 + Level 9.2 Fighting
 * Level 12.5 Maces & Flails
 + Level 9.3 Armour
 + Level 9.2 Shields


You had 7 spell levels left.
You didn't know any spells.
Your spell library was empty.

Dungeon Overview and Level Annotations

Branches:
Dungeon (4/15)
 Temple: D:4-7

Altars:
Fedhas
Qazlal
Yredelemnul


Innate Abilities, Weirdness & Mutations

You reflexively headbutt those who attack you in melee.
You have a pair of horns on your head.


Message History

You feel less wooden.
Your +2 hat unmelds from your body.
Your +0 pair of gloves unmelds from your body.
Your +0 scale mail unmelds from your body.
* * * LOW HITPOINT WARNING * * *
You feel sick. You block the gnoll's attack.
The gnoll hits you from afar with a +0 spear.
* * * LOW HITPOINT WARNING * * *
Okay, then.
Okay, then.
Evoke which item? (* to show all) (? for menu, Esc to quit)
Aiming: Throw Flame
Press: ? - help, Shift-Dir - straight line, f - gnoll
Aim: a gnoll, wielding a +0 spear of venom The puff of flame hits the gnoll!
The gnoll is heavily wounded.
* * * LOW HITPOINT WARNING * * *
You feel sick.
The gnoll hits you from afar with a +0 spear of venom.
You die...

### #.. #.# # #.# .##
###.# #####...##
#<..###.)@)g...#
########.......###g...#
...##.........### .#.#
....#.............. ..
##..#.###..##.##### .#
##..#.###..##.# #
.......>...##..
##.>#.#.#......#
#.#....##.....#


You could see 2 gnolls.

Vanquished Creatures
  Duvessa (D:4)
  An ogre (D:4)
  Dowan (D:4)
  A hound (D:3)
  An orc priest (D:3)
  Natasha (thrice) (D:3)
  A worker ant (D:4)
  3 adders (D:2)
  2 gnolls (D:4)
  An adder skeleton (D:3)
  A worm (D:3)
  2 dart slugs (D:1)
  3 leopard geckos
  6 orcs
  A ball python (D:1)
  3 giant cockroaches
  12 goblins
  10 hobgoblins
  9 kobolds
  A quokka (D:2)
  8 bats
  2 frilled lizards
  7 rats
80 creatures vanquished.

Notes
Turn   | Place    | Note
-------+----------+-------------------------------------------
     0 | D:1      | Kisielow the Minotaur Fighter began the quest for the Orb.
     0 | D:1      | Reached XP level 1. HP: 19/19 MP: 0/0
   201 | D:1      | Reached skill level 3 in Maces & Flails
   201 | D:1      | Reached XP level 2. HP: 24/27 MP: 1/1
   528 | D:1      | Reached skill level 4 in Maces & Flails
   533 | D:1      | Reached XP level 3. HP: 33/33 MP: 2/2
  1028 | D:2      | Reached skill level 5 in Maces & Flails
  1036 | D:2      | Reached XP level 4. HP: 35/40 MP: 3/3
  1276 | D:2      | Found a basalt altar of Yredelemnul.
  1895 | D:3      | Reached XP level 5. HP: 36/46 MP: 4/4
  2163 | D:3      | Noticed Natasha
  2172 | D:3      | Killed Natasha
  2347 | D:3      | Found a stormy altar of Qazlal.
  2370 | D:3      | Reached skill level 10 in Maces & Flails
  2370 | D:3      | Reached XP level 6. HP: 61/61 MP: 5/5
  2371 | D:3      | Reached skill level 12 in Maces & Flails
  2371 | D:3      | Reached XP level 7. HP: 70/70 MP: 6/6
  2554 | D:3      | Noticed Natasha
  2559 | D:3      | Killed Natasha
  2974 | D:3      | Noticed Natasha
  2984 | D:3      | Killed Natasha
  3142 | D:4      | Found a blossoming altar of Fedhas.
  3176 | D:4      | Noticed Duvessa
  3178 | D:4      | Noticed Dowan
  3195 | D:4      | Killed Duvessa
  3195 | D:4      | Reached XP level 8. HP: 24/78 MP: 2/7
  3214 | D:4      | Killed Dowan
  3223 | D:4      | HP: 2/78 [gnoll/+0 spear (2)]
  3224 | D:4      | Slain by a gnoll

Levels and vault maps discovered:
D:1:      mrwooster_arrival_statue_3, layout_basic, minivault_27
D:2:      kennysheep_the_goblin_king, layout_basic, overflow_temple_1_default
D:3:      layout_basic, st_stairs_12, hangedman_decor_diamond_cutter,
          nicolae_qazlal_general_emergency, uniq_natasha
D:4:      layout_loops_ring, ashenzari_altar_1, fedhas_altar_2, uniq_duvessa

Skill      XL: |  1  2  3  4  5  6 |
---------------+-------------------+-----
Maces & Flails | 3 4 5 10 12 | 12.5
Fighting       | 4 7 9 |  9.2
Armour         | 4 7 9 |  9.3
Shields        | 4 7 9 |  9.2

Action                   |  1- 3 |  4- 6 |  7- 9 || total
-------------------------+-------+-------+-------++-------
Melee: Flail             |   112 |    80 |    42 ||   234
       Headbutt          |    16 |    15 |     7 ||    38
Evoke: Wand              |       |       |     1 ||     1
  Use: Scroll            |       |     7 |     2 ||     9
       Potion            |       |     5 |     3 ||     8
  Eat: Chunk             |     1 |     4 |       ||     5
       Ration            |       |       |     1 ||     1
Armor: Scale mail        |    59 |    43 |     7 ||   109
       Skin              |       |       |    25 ||    25
Dodge: Dodged            |    31 |    21 |    13 ||    65
Block: Shield            |    60 |    44 |    43 ||   147

Table legend:
 A = Non-vault XP
 B = Vault XP
 C = Vault XP percentage of total XP
 D = Non-vault monster count
 E = Vault monster count
 F = Vault count percentage of total count
                 A         B        C        D         E       F
            +---------+---------+-------+---------+---------+-------
      Total |     452 |     318 |  41.3 |      69 |      11 |  13.8
            +---------+---------+-------+---------+---------+-------
        D:1 |      49 |       0 |   0.0 |      24 |       0 |   0.0
        D:2 |      76 |      12 |  13.6 |      25 |       7 |  21.9
        D:3 |     143 |      78 |  35.3 |      15 |       2 |  11.8
        D:4 |     184 |     228 |  55.3 |       5 |       2 |  28.6
            +---------+---------+-------+---------+---------+-------
